 Dungeon Crawl Stone Soup version 0.31-a0-640-g39d97e502b (webtiles) character file.

Game seed: 4192097244763564782

42 Crownlay the Poker (level 3, -1/31 HPs)
             Began as a Minotaur Delver on Aug 27, 2023.
             Slain by a sleepcap (4 damage)
             ... on level 5 of the Dungeon.
             The game lasted 00:00:22 (161 turns).

Crownlay the Poker (Minotaur Delver)                 Turns: 161, Time: 00:00:22

Health: -1/31      AC:  3    Str: 16    XL:     3   Next: 33%
Magic:  2/2        EV: 12    Int:  7    God:
Gold:   50         SH:  0    Dex: 13    Spells: 2/2 levels left

rFire   . . .        a - +0 spear
rCold   . . .        (no shield)
rNeg    . . .        b - +0 leather armour
rPois   .            (helmet restricted)
rElec   .            (no cloak)
rCorr   .            (no gloves)
SInv    .            (no boots)
Will    .....        (no amulet)
Stlth   ++           (no ring)
HPRegen 0.25/turn    (no ring)
MPRegen 0.08/turn

%: no passive effects
@: no status effects
A: horns 2, retaliatory headbutt
a: no special abilities


You were on level 5 of the Dungeon.
You visited 1 branch of the dungeon, and saw 1 of its levels.

You collected 50 gold pieces.

Inventory:

Hand Weapons
 a - a +0 spear (weapon)
Armour
 b - a +0 leather armour (worn)
Wands
 g - a wand of digging (3)
Scrolls
 c - a scroll of fog
 d - a scroll of revelation
 e - a scroll of fear
 i - a scroll of acquirement {unknown}
Potions
 f - a potion of haste
 h - a potion of berserk rage {unknown}


   Skills:
 - Level 3.6 Fighting
 + Level 4.6 Polearms
 - Level 2.1 Dodging
 - Level 4.1 Stealth


You had 2 spell levels left.
You didn't know any spells.
Your spell library was empty.

Dungeon Overview and Level Annotations

Branches:
Dungeon (5/15)
 Temple: D:4-7

Altars:


Innate Abilities, Weirdness & Mutations

You have a pair of horns on your head.
You reflexively headbutt those who attack you in melee.


Message History

The orc wizard flickers and vanishes!
Deactivating autopickup; reactivate with Ctrl-A.
The orc priest shouts!
You hit the orc. Your headbutt misses the orc.
The orc is lightly wounded.
A jelly comes into view.
The orc barely misses you. You furiously retaliate!
You headbutt the orc!
You kill the orc!
Something tries to affect you, but you resist.
The orc priest looks satisfied for a moment.
A quokka and a water moccasin come into view.
The orc priest calls down the wrath of Beogh upon you.
Beogh smites you!
You hear an angry hiss.
Things that are here:
a +0 flail; a +0 leather armour You hit the orc.
The orc is moderately wounded.
You hit the orc but do no damage.
The orc is moderately wounded.
The orc hits you with a +0 morningstar!
* * * LOW HITPOINT WARNING * * *
You are too injured to fight recklessly!
You are too injured to fight recklessly!
You are too injured to fight recklessly!
You are too injured to fight recklessly!
You are too injured to fight recklessly!
You are too injured to fight recklessly!
Unknown command.
Unknown command.
The orc hits you with a +0 morningstar.
* * * LOW HITPOINT WARNING * * *
Something hits you but does no damage.
The water moccasin hisses angrily.
The jelly barely misses you. The orc closely misses you.
The orc priest miscasts a cantrip.
Something hits you.
* * * LOW HITPOINT WARNING * * *
The sleepcap releases spores at you.
You die...

############
#..........#
#.########.#
########.########.######
........................
###...........##......S.
#.####.###........## #.#
#.# #####@fr..#
#.##.........J.oo..... #
#.##..........o....##. #
#.##....###.......## #
#.##....# #..#.#o#.# #
#.##....# #..#.#..... #
#.##...)###..#.....##.
###.##.....##..##....#
.##.....#..#


You could see a water moccasin, a sleepcap, a jelly, an orc priest, 3 orcs and a
quokka.

Vanquished Creatures
  A hound (D:5)
  An adder (D:5)
  An orc (D:5)
3 creatures vanquished.

Notes
Turn   | Place    | Note
-------+----------+-------------------------------------------
     0 | D:5      | Crownlay the Minotaur Delver began the quest for the Orb.
     0 | D:5      | Reached XP level 1. HP: 19/19 MP: 0/0
    18 | D:5      | Noticed a hound
    22 | D:5      | Killed a hound
    23 | D:5      | Reached XP level 2. HP: 20/26 MP: 1/1
    23 | D:5      | Reached XP level 3. HP: 24/31 MP: 2/2
   157 | D:5      | Noticed a water moccasin
   161 | D:5      | Slain by a sleepcap

Illustrated notes

Levels and vault maps discovered:
D:5:      layout_loops_ring, makhleb_altar_promises_db

Skill      XL: |  1 |
---------------+----+-----
Polearms       | 4 |  4.6
Fighting       | |  3.6
Dodging        | |  2.1
Stealth        | |  4.1

Action                     || total
---------------------------++-------
  Melee: Spear             ||    13
 Armour: Leather armour    ||     4
  Dodge: Dodged            ||     6

Table legend: (Time is in decaauts)
 A = Elapsed time spent in this place.
 B = Non-inter-level travel time spent in this place.
 C = Inter-level travel time spent in this place.
 D = Time resting spent in this place.
 E = Time spent auto-exploring this place.
 F = Levels seen in this place.
 G = Mean time per level.
                   A        B        C        D        E       F      G
               +--------+--------+--------+--------+--------+-----+--------+
         Total |    159 |    159 |      0 |      0 |    132 |   1 |  159.0 |
       Dungeon |    159 |    159 |      0 |      0 |    132 |   1 |  159.0 |
               +--------+--------+--------+--------+--------+-----+--------+

Top non-repeatable levels by time:
     D:5: 159 daAuts
